 Seeded DCSS version 0.30-b1-7-gcb88a99046 (webtiles) character file.

Game seed: 1973 (custom seed)

239 Kazon the Trooper (level 6, -1/66 HPs)
             Began as an Ogre Monk on May 5, 2023.
             Was a Believer of the Shining One.
             Slain by a wyvern zombie (7 damage)
             ... in an ossuary.
             The game lasted 00:10:23 (2248 turns).

Kazon the Trooper (Ogre Monk)                       Turns: 2248, Time: 00:10:23

Health: -1/66      AC:  3    Str: 18    XL:     6   Next: 7%
Magic:  3/6        EV: 10    Int: 17    God:    the Shining One [**....]
Gold:   114        SH:  6    Dex: 11    Spells: 5/6 levels left

rFire   . . .        a - +0 mace
rCold   . . .        d - orb {light}
rNeg    + . .        b - +0 robe
rPois   .            (helmet restricted)
rElec   .            (no cloak)
rCorr   .            (gloves unavailable)
SInv    .            (boots unavailable)
Will    .....        (no amulet)
Stlth   +            u - +6 ring of intelligence
HPRegen 0.31/turn    (no ring)
MPRegen 0.10/turn

%: no passive effects
@: divinely shielded, glowing
A: large, unfitting armour, tough skin 1
a: Renounce Religion, Divine Shield


You were in an ossuary.
You worshipped the Shining One.
The Shining One was pleased with you.
You visited 2 branches of the dungeon, and saw 5 of its levels.
You also visited: Ossuary.

You collected 114 gold pieces.

Inventory:

Hand Weapons
 a - a +0 mace (weapon)
Missiles
 i - 39 stones (quivered)
 k - 4 large rocks
 m - 6 boomerangs
Armour
 b - a +0 robe (worn)
 d - an orb of light (worn)
Jewellery
 u - a +6 ring of intelligence (left hand)
Scrolls
 g - a scroll of immolation {unknown}
 h - 5 scrolls of identify {unknown}
 l - 2 scrolls of teleportation {unknown}
 n - a scroll of amnesia {unknown}
 o - a scroll of poison {unknown}
 p - a scroll of blinking {unknown}
 r - a scroll of vulnerability {unknown}
 t - 2 scrolls of silence {unknown}
Potions
 c - a potion of ambrosia
 e - 2 potions of curing {unknown}
 f - a potion of mutation {unknown}
 j - 2 potions of magic {unknown}
 q - a potion of degeneration {unknown}
 s - a potion of lignification {unknown}
 v - a potion of attraction {unknown}
 w - a potion of brilliance {unknown}
 x - a potion of heal wounds {unknown}


   Skills:
 + Level 5.3 Fighting
 + Level 4.2 Maces & Flails
 * Level 1.1 Throwing
 * Level 0.9 Armour
 + Level 3.2 Dodging
 + Level 0.4 Stealth
 + Level 0.6 Spellcasting
 + Level 1.2 Transmutations
 * Level 0.3 Invocations


You had 5 spell levels left.
You knew the following spells:

 Your Spells              Type           Power      Damage    Failure   Level
a - Beastly Appendage     Tmut           8%         N/A       13%         1

Your spell library contained the following spells:

 Spells                   Type           Power      Damage    Failure   Level
 Wereblood                Tmut           4%         N/A       21%         2
 Cigotuvi's Dreadful Rot  Necr/Pois/Air  0%         N/A       34%         2
 Spider Form              Tmut/Pois      2%         N/A       45%         3
 Ignite Poison            Fire/Tmut/Pois 1%         N/A       50%         3
 Anguish                  Hex/Necr       0%         N/A       92%         4
 Cause Fear               Hex            0%         N/A       92%         4
 Freezing Cloud           Conj/Ice/Air   0%         6-21      99%         5
 Enfeeble                 Hex            0%         N/A       100%        7


Dungeon Overview and Level Annotations

Branches:
Dungeon (4/15)             Temple (1/1) D:4         Ossuary (1/1)

Altars:
Cheibriados
Dithmenos
Fedhas
Gozag
Makhleb
Nemelex Xobeh
Okawaru
Yredelemnul
Zin
The Shining One


Innate Abilities, Weirdness & Mutations

You are too large for most types of armour.
You have tough skin. (AC +1)


Message History

You grow a pair of large bovine horns.
Your feet morph into talons.
Your transformation is almost over.
The wyvern zombie bites you.
You hit the wyvern zombie.
You headbutt the wyvern zombie, but do no damage.
The wyvern zombie is lightly damaged.
The wyvern zombie bites you but does no damage.
You sock the wyvern zombie! You claw the wyvern zombie.
The wyvern zombie is moderately damaged.
The wyvern zombie barely misses you. The wyvern zombie bites you.
You hit the wyvern zombie.
The wyvern zombie is heavily damaged.
The wyvern zombie barely misses you. x2
You hit the wyvern zombie but do no damage.
The wyvern zombie is heavily damaged.
The wyvern zombie bites you.
You hit the wyvern zombie but do no damage.
You claw the wyvern zombie.
The wyvern zombie is heavily damaged.
The wyvern zombie barely misses you. The wyvern zombie closely misses you.
The wyvern zombie closely misses you.
The water moccasin zombie closely misses you.
There is an open door here.
The wyvern zombie attacks as you move away!
The wyvern zombie bites you.
* * * LOW HITPOINT WARNING * * *
Your horns disappear.
Your talons disappear.
You hit the wyvern zombie.
The wyvern zombie is severely damaged.
The wyvern zombie bites you!
* * * LOW HITPOINT WARNING * * *
The wyvern zombie bites you.
* * * LOW HITPOINT WARNING * * *
You hit the wyvern zombie.
The wyvern zombie is severely damaged.
The wyvern zombie bites you.
* * * LOW HITPOINT WARNING * * *
Your shield is strengthened by the Shining One's divine power.
The wyvern zombie bites you!
You die...

M# #+#' +..
#.#####
+~#...#
###~'.∩.#
##P~~#..∩#
#≈~~.#####
#~P~ZZ@#
≈≈≈≈###.###
≈≈## .'~# ≈
###~+ .~#
~~# ...~
##'


You could see a water moccasin zombie and a wyvern zombie.

Vanquished Creatures
  A bullfrog zombie (Ossuary)
  A hound (D:4)
  4 mummies (Ossuary)
  3 adders
  2 dart slugs (D:1)
  7 orcs
  3 ball pythons
  3 bats
  3 endoplasms
  6 giant cockroaches
  8 hobgoblins
  3 jackals (D:1)
  A quokka (D:4)
  6 frilled lizards
  5 goblins
  2 kobolds (D:1)
  3 rats
61 creatures vanquished.

Vanquished Creatures (others)
  4 withered plants (Ossuary)
4 creatures vanquished.

Grand Total: 65 creatures vanquished

Notes
Turn   | Place    | Note
-------+----------+-------------------------------------------
     0 | D:1      | Kazon the Ogre Monk began the quest for the Orb.
     0 | D:1      | Reached XP level 1. HP: 24/24 MP: 1/1
   168 | D:1      | Reached XP level 2. HP: 33/33 MP: 2/2
   377 | D:1      | Reached XP level 3. HP: 41/41 MP: 3/3
   422 | D:1      | Reached skill level 5 in Fighting
  1044 | D:2      | Learned a level 1 spell: Beastly Appendage
  1074 | D:2      | Reached XP level 4. HP: 41/50 MP: 4/4
  1892 | D:2      | You fall into a shaft and drop 2 floors!
  1997 | D:4      | Reached XP level 5. HP: 52/57 MP: 3/5
  2019 | D:4      | Reached skill level 1 in Throwing
  2033 | D:4      | Found a staircase to the Ecumenical Temple.
  2042 | Temple   | Entered the Ecumenical Temple
  2108 | Temple   | Became a worshipper of the Shining One
  2108 | Temple   | Reached * piety under the Shining One
  2108 | Temple   | Reached ** piety under the Shining One
  2188 | D:4      | Found a sand-covered staircase.
  2192 | Ossuary  | Entered an ossuary
  2229 | Ossuary  | Reached skill level 1 in Transmutations
  2238 | Ossuary  | Reached XP level 6. HP: 34/66 MP: 6/6
  2248 | Ossuary  | Slain by a wyvern zombie

Illustrated notes

Levels and vault maps discovered:
D:1:      co_arrival_random_square_maze, layout_loops_ring
D:2:      layout_basic
D:3:      layout_basic
D:4:      layout_basic, fiery_altar_vehumet, minmay_temple_entry_poolview,
          nicolae_ossuary_entry_false_entrances, uniq_edmund
Temple:   eino_temple_scatter_basement
Ossuary:  ossuary_zaba_flooded

Skill      XL: |  1  2  3  4  5 |
---------------+----------------+-----
Fighting       | 5 |  5.3
Maces & Flails | 3 4 |  4.2
Dodging        | 3 |  3.2
Throwing       | 1 |  1.1
Transmutations | 1 |  1.2
Armour         | |  0.9
Stealth        | |  0.4
Spellcasting   | |  0.6
Invocations    | |  0.3

Action                     |  1- 3 |  4- 6 || total
---------------------------+-------+-------++-------
  Melee: Mace              |    84 |    88 ||   172
         Headbutt          |       |     5 ||     5
         Kick              |       |     8 ||     8
  Throw: Stone             |     2 |     4 ||     6
         Large rock        |       |     1 ||     1
   Cast: Beastly Appendage |       |     8 ||     8
 Invoke: Divine Shield     |       |     1 ||     1
 Armour: Robe              |    31 |    16 ||    47
  Dodge: Dodged            |    54 |    60 ||   114
